 Dungeon Crawl Stone Soup version 0.32-a0-975-g85d4e5bfdb (webtiles) character file.

Game seed: 16842878004675635827

129 ragingrage the Ruffian (level 5, -1/41 HPs)
             Began as a Ghoul Warper on Apr 18, 2024.
             Was an Initiate of Ashenzari.
             Slain by Grinder (7 damage)
             ... on level 3 of the Dungeon.
             The game lasted 00:01:58 (2126 turns).

ragingrage the Ruffian (Ghoul Warper)               Turns: 2126, Time: 00:01:59

Health: -1/41      AC:  5    Str: 15 (17) XL:     5   Next: 12%
Magic:  7/7        EV:  9    Int: 11 (12) God:    Ashenzari [......]
Gold:   204        SH:  0    Dex:  8      Spells: 7/7 levels left

rFire   . .          .
                       - Unarmed
rCold   + . .        (no shield)
rNeg    + + +        d - +0 ring mail of Ashenzari's Moon {Dev, Bglg} (curse)
rPois   ∞            (no helmet)
rElec   .            (no cloak)
rCorr   .            (no gloves)
SInv    .            (no boots)
Will    +....        (no amulet)
Stlth   +            (no ring)
HPRegen 0.00/turn    (no ring)
MPRegen 0.10/turn

%: no passive effects
@: brilliant, enlightened, flying, inhibited regen, hasted, very quick
A: claws 1, cold resistance 1, negative energy resistance 3, inhibited
regeneration, torment resistance 2, devour on kill
a: Renounce Religion, Curse Item, Shatter the Chains


You were on level 3 of the Dungeon.
You worshipped Ashenzari.
Ashenzari was noncommittal.
You visited 1 branch of the dungeon, and saw 3 of its levels.

You collected 204 gold pieces.

Inventory:

Missiles
 c - 7 darts of dispersal (quivered)
 i - 11 poisoned darts
Armour
 d - the cursed +0 ring mail of Ashenzari's Moon (worn) {Dev, Bglg}
   (You found it on level 1 of the Dungeon)

   It has a curse which improves the following skills: Devices: Evocations.
   Beguiling: Hexes and Translocations.
 h - a +0 chain mail
Scrolls
 b - a scroll of blinking
 e - 2 scrolls of amnesia {unknown}
 g - a scroll of revelation {unknown}
 k - 4 scrolls of identify {unknown}
 l - a scroll of acquirement {unknown}
 m - a scroll of poison {unknown}
 o - a scroll of enchant weapon {unknown}
 p - a scroll of fear {unknown}
 q - a scroll of teleportation {unknown}
Potions
 f - 3 potions of enlightenment


   Skills:
 - Level 2.1 Fighting
 - Level 0.8 Throwing
 - Level 0.8 Armour
 - Level 1.7 Dodging
 - Level 2.0 Stealth
 + Level 4.2 Unarmed Combat
 - Level 1.7 Spellcasting
 + Level 3.7(4.1) Translocations


You had 7 spell levels left.
You didn't know any spells.
Your spell library contained the following spells:

 Spells                   Type           Power      Damage    Failure   Level
 Blink                    Tloc           30%        N/A       17%         2
 Lesser Beckoning         Tloc           30%        N/A       17%         2
 Maxwell's Portable Pile  Tloc           15%        2d(6-18)  32%         3
 Teleport Other           Tloc           15%        N/A       32%         3
 Vhi's Electric Charge    Tloc/Air       16%        N/A       94%         4


Dungeon Overview and Level Annotations

Branches:
Dungeon (3/15)

Altars:
Ashenzari

Annotations:
D:3 Grinder


Innate Abilities, Weirdness & Mutations

You are immune to poison.
You have sharp fingernails.
Your flesh is cold resistant. (rC+)
You are immune to negative energy. (rN+++)
You do not regenerate when monsters are visible.
You are immune to unholy pain and torment.
You thrive by killing the living.


Message History

Grinder is nearby!
You see here a +0 robe.
Grinder hits you!
You scratch Grinder. Grinder hits you.
You claw Grinder! Grinder closely misses you.
You barely miss Grinder. Your claw misses Grinder. Grinder gestures at you.
You suddenly lose the ability to move!
Grinder hits you. Grinder hits you but does no damage.
You can move again.
Unknown command.
Unknown command.
It was a potion of enlightenment.
You feel very buoyant.
You fly up into the air.
Grinder hits you.
It was a potion of brilliance.
You feel clever all of a sudden. Grinder hits you!
* * * LOW HITPOINT WARNING * * *
It was a potion of mutation.
You feel extremely strange.
Your body decomposes!
You feel weakened.
Your body decomposes!
You feel weakened.
Your body decomposes!
You feel dopey. Grinder hits you.
* * * LOW HITPOINT WARNING * * *
It was a potion of haste.
You feel yourself speed up. Grinder closely misses you.
Grinder blinks!
You see here a +0 robe.
Grinder gestures at you. You resist with almost no effort.
Grinder says, "Don't move a muscle."
Grinder attacks as she pursues you! Grinder barely misses you.
Grinder attacks as she pursues you! Grinder hits you!
You die...
Grinder says, "Now the real fun starts!"

##'## #.# #.#
##.## ######.[.##
#..........#######
#.#####....)......
... ##5#.#######
#<###@#.#
#.).....#
#####.### #.#
.######.#
........#
#######.#
##.##.#########
##.#.#..........


You could see Grinder.

Vanquished Creatures
  8 adders (D:2)
  3 dart slugs (D:1)
  An endoplasm (D:1)
  4 giant cockroaches (D:1)
  4 goblins
  7 hobgoblins
  A quokka (D:1)
  12 ball pythons
  3 bats (D:1)
  2 frilled lizards
  4 kobolds
  6 rats
55 creatures vanquished.

Notes
Turn   | Place    | Note
-------+----------+-------------------------------------------
     0 | D:1      | ragingrage the Ghoul Warper began the quest for the Orb.
     0 | D:1      | Reached XP level 1. HP: 17/17 MP: 3/3
   122 | D:1      | Reached skill level 1 in Stealth
   125 | D:1      | Reached XP level 2. HP: 14/24 MP: 4/4
   351 | D:1      | Found a faded altar of an unknown god.
   460 | D:1      | Prayed at the altar of an unknown god.
   460 | D:1      | Became a worshipper of Ashenzari the Shackled
   636 | D:1      | Reached skill level 3 in Unarmed Combat
   668 | D:1      | Reached XP level 3. HP: 29/29 MP: 5/5
  1394 | D:2      | Reached XP level 4. HP: 28/36 MP: 6/6
  1569 | D:2      | Reached skill level 4 in Unarmed Combat
  1635 | D:2      | Reached XP level 5. HP: 31/41 MP: 7/7
  2093 | D:3      | Noticed Grinder
  2114 | D:3      | Paralysed by Grinder for 2 turns
  2126 | D:3      | Slain by Grinder

Illustrated notes

Levels and vault maps discovered:
D:1:      dpeg_arrival_rooms_with_view, layout_basic,
          hellmonk_ecumenical_altar_slurped_away
D:2:      layout_basic, minmay_snake_closets
D:3:      layout_loops_corners, serial_bayou_pond_a, uniq_grinder

Skill      XL: |  1  2  3  4 |
---------------+-------------+-----
Stealth        | 1 2 |  2.0
Unarmed Combat | 3 4 |  4.2
Translocations | 3 |  3.7
Fighting       | |  2.1
Throwing       | |  0.8
Armour         | |  0.8
Dodging        | |  1.7
Spellcasting   | |  1.7

Action                     |  1- 3 |  4- 6 || total
---------------------------+-------+-------++-------
  Melee: Unarmed           |   124 |    62 ||   186
         Punch             |     1 |     1 ||     2
 Invoke: Curse Item        |     1 |       ||     1
    Use: Potion            |       |     4 ||     4
   Stab: Sleeping          |     1 |       ||     1
 Armour: Ring mail         |   104 |    49 ||   153
         Leather armour    |     5 |       ||     5
  Dodge: Dodged            |    59 |    30 ||    89

Table legend: (Time is in decaauts)
 A = Elapsed time spent in this place.
 B = Non-inter-level travel time spent in this place.
 C = Inter-level travel time spent in this place.
 D = Time resting spent in this place.
 E = Time spent auto-exploring this place.
 F = Levels seen in this place.
 G = Mean time per level.
                   A        B        C        D        E       F      G
               +--------+--------+--------+--------+--------+-----+--------+
         Total |   2114 |   2036 |     78 |     75 |   1522 |   3 |  704.7 |
       Dungeon |   2114 |   2036 |     78 |     75 |   1522 |   3 |  704.7 |
               +--------+--------+--------+--------+--------+-----+--------+

Top non-repeatable levels by time:
     D:1: 1055 daAuts
     D:2: 809 daAuts
     D:3: 248 daAuts
